AoeStats
← MZTK | GaboxNet .i.

Arabia

508345206Analyzed
1v1 RM · 10d ago on Sep 22, 2026· 88m 35s· 2 players
Game mode
Random Map
Map size
Tiny (2 player)
Population
200
Speed
Normal
Resources
Standard
Victory
Conquest
Starting age
Dark Age
Ending age
Imperial Age
RankedLock teamsTeams togetherTeam positionsShared explorationLock speedFull tech treeHidden civsTurbo modeCheats
Victory
Defeat
🇲🇽 Malians · Mexico
1232
+16
🇲🇽 Spanish · Mexico
1231
-16
TUSHIRO
4:44 Loom
10:07 Feudal Age
10:15 Man-at-Arms
20:20 Castle Age
30:41 Padded Archer Armor
56:49 Imperial Age
56:11 Husbandry
74:30 Leather Archer Armor
82:45 Scale Barding Armor
82:51 Forging
83:16 Light Cavalry
84:06 Bloodlines
85:43 Chain Barding Armor
MZTK | GaboxNet .i.
10:04 Feudal Age
10:17 Man-at-Arms
10:45 Loom
14:51 Scale Mail Armor
18:33 Arson
20:33 Double-Bit Axe
24:06 Castle Age
22:24 Fletching
22:27 Gold Mining
22:56 Padded Archer Armor
24:27 Crossbowman
25:48 Bodkin Arrow
29:06 Bow Saw
30:21 Wheelbarrow
43:12 Horse Collar
45:25 Squires
46:13 Gold Shaft Mining
50:07 Chain Mail Armor
52:52 Forging
53:56 Elite Skirmisher
54:52 Leather Archer Armor
61:30 Light Cavalry
62:27 Bloodlines
65:33 Scale Barding Armor
65:51 Husbandry
70:59 Heavy Plow
80:04 Chain Barding Armor
80:19 Iron Casting
Connection lost

Rejoining the realm…

Still unreachable

The connection could not be restored.

Session expired

The server has moved on; the page needs a fresh start.